 Dungeon Crawl Stone Soup version 0.26.1-13-g052cdd8df3 (webtiles) character file.

Game seed: 18029677024099972734

960866 Gartch the Invulnerable (level 27, -8/273 HPs)
             Began as a Minotaur Berserker on Mar 29, 2021.
             Was an Elder of Trog.
             Mangled by a red draconian monk (16 damage)
             ... on level 5 of the Realm of Zot on Jan 11, 2022.
             The game lasted 15:33:33 (131238 turns).

Gartch the Invulnerable (Minotaur Berserker)      Turns: 131238, Time: 15:33:36

Health: -8/273     AC: 34    Str: 28      XL:     27
Magic:  0/7        EV: 37    Int:  1 (4)  God:    Trog [****..]
Gold:   8713       SH:  0    Dex: 21      Spells: 26/26 levels left

rFire    + + .     SeeInvis +   b - +9 battleaxe (antimagic)
rCold    + . .     Faith    .   (shield currently unavailable)
rNeg     + . .     Spirit   .   I - +7 scale mail of the Catamount {Rampage +Blink Str+4}
rPois    +         Reflect  .   m - +2 hat {Will+}
rElec    +         Harm     .   Y - +1 cloak "Qitoeris" {rPois Regen+}
rCorr    .         Rampage  +   f - +2 pair of gloves
Will     +++++     Clarity  +   j - +2 pair of boots {rampage}
Stlth    ++++++....             c - amulet of the Four Winds {rN+ Will+++ Clar}
HPRegen  0.95/turn              k - ring of Kukon {rElec rF++ rC+ SInv}
MPRegen  0.10/turn              D - +4 ring of evasion

@: berserk cooldown, slowed, very slow
A: retaliatory headbutt, horns 2, agile 1, berserk 1, blurry vision 1,
deterioration 2, weak 1, wild magic 2
}: 5/15 runes: barnacled, slimy, silver, abyssal, gossamer
a: Renounce Religion, Evoke Blink, Berserk, Trog's Hand, Brothers in Arms


You were on level 5 of the Realm of Zot.
You worshipped Trog.
Trog was greatly pleased with you.
You visited 11 branches of the dungeon, and saw 57 of its levels.
You visited the Abyss 13 times.
You visited 1 bazaar.
You also visited: Sewer, Bailey, Gauntlet, Ice Cave, Volcano and Wizlab.

You collected 13384 gold pieces.
You spent 4671 gold pieces at shops.

Inventory:

Hand Weapons
 a - the +9 battleaxe "Fezyman" {spect, rN++}
   (You acquired it on level 13 of the Dungeon)

   It retains the spirit of the tree from which it was made.
   In the hands of one skilled in evocations this spirit is drawn out to fight
   along side the wielder.
   It greatly protects you from negative energy.
 b - a +9 antimagic battleaxe (weapon)
 v - a +5 battleaxe of flaming
Missiles
 w - 9 throwing nets
 Q - 21 curare-tipped darts (quivered)
Armour
 f - a +2 pair of gloves (worn)
 j - a +2 pair of boots of rampaging (worn)
 m - a +2 hat of willpower (worn)
 n - the +1 hat of Time Monsters {rElec Int+4}
   (You found it in a Gauntlet)

   It affects your intelligence (+4).
   It insulates you from electricity.
 I - the +7 scale mail of the Catamount (worn) {Rampage +Blink Str+4}
   (You found it on level 7 of the Dungeon)

   It affects your strength (+4).
   It lets you blink.
   It bestows one free step when moving towards enemies.
 Y - the +1 cloak "Qitoeris" (worn) {rPois Regen+}
   (You found it on level 2 of the Abyss)

   It protects you from poison.
   It increases your rate of regeneration.
Jewellery
 c - the amulet of the Four Winds (around neck) {rN+ Will+++ Clar}
   (You found it on level 2 of the Depths)

   [amulet of nothing]

   It protects you from negative energy.
   It affects your willpower, your defense against some magical effects.
   It protects you against confusion.
 k - the ring of Kukon (left hand) {rElec rF++ rC+ SInv}
   (You acquired it on level 13 of the Dungeon)

   [ring of see invisible]

   It greatly protects you from fire.
   It protects you from cold.
   It insulates you from electricity.
   It lets you see invisible.
 o - an uncursed ring of resist corrosion
 B - the ring of the Raven {+Inv +Fly}
   (You found it on level 4 of the Shoals)

   [ring of flight]

   It lets you turn invisible.
   It lets you fly.
 D - a +4 ring of evasion (right hand)
Wands
 h - a wand of enslavement (35)
 q - a wand of digging (22)
 s - a wand of flame (123)
 u - a wand of paralysis (65)
 N - a wand of iceblast (78)
 P - a wand of polymorph (8)
 U - a wand of disintegration (67)
 X - a wand of acid (22)
Scrolls
 g - 34 scrolls of teleportation
 i - 3 scrolls of fog
 t - 5 scrolls of blinking
 y - 28 scrolls of remove curse
 A - 11 scrolls of fear
 C - 3 scrolls of silence
 E - 3 scrolls of summoning
 M - 4 scrolls of magic mapping
 S - 23 scrolls of identify
 V - a scroll of holy word
Potions
 d - 21 potions of curing
 l - 11 potions of attraction
 p - 5 potions of invisibility
 x - 7 potions of flight
 G - 3 potions of cancellation
 J - 6 potions of haste
 K - a potion of mutation
 L - 7 potions of ambrosia
 R - 4 potions of heal wounds
 T - 9 potions of might
 W - 3 potions of resistance
Miscellaneous
 e - a lightning rod (4/4)
 z - a phial of floods
 F - a box of beasts (inert)
 H - a condenser vane
 O - a box of beasts (inert)
 Z - a phantom mirror


   Skills:
 O Level 27 Fighting
 O Level 27 Axes
 O Level 27 Armour
 O Level 27 Dodging
 + Level 19.9 Stealth
 O Level 27 Evocations


You had 26 spell levels left.
You didn't know any spells.
Your spell library was empty.

Dungeon Overview and Level Annotations

Branches:
Dungeon (15/15)            Temple (0/1) D:6            Lair (6/6) D:8
 Shoals (4/4) Lair:2       Spider (4/4) Lair:2        Slime (5/5) Lair:6
    Orc (2/2) D:12            Elf (3/3) Orc:2        Vaults (5/5) D:14
  Crypt (3/3) Vaults:2       Tomb (0/3) Crypt:3      Depths (5/5) D:15
    Zot (5/5) Depths:5      Sewer (visited)          Bailey (visited)
  IceCv (visited)         Volcano (visited)          WizLab (visited)
Gauntlet (visited)

Altars:
Elyvilon
Fedhas
Makhleb
Nemelex Xobeh
Okawaru
Qazlal
Trog
Wu Jian
Yredelemnul
Jiyva
Lugonu

Shops:
D:4 :   D:6 [   D:12 [   D:13 :?   Orc:2 :[![   Elf:1 ?   Elf:2 =[   Elf:3 =
Shoals:3 ?   Vaults:5 }!=?

Portals:
Hell: Depths:1 Depths:2 Depths:3 Depths:4 Depths:5
Abyss: Depths:1 Depths:3* Depths:4 Depths:5
Pandemonium: Depths:3
Ziggurat: Depths:3
Trove: Vaults:2 (give 4 potions of resistance)

Annotations:
D:11 2 transporters, double head ogre, exclusion: oklob plant, Sassenached's ghost, journeyman HuWn
Lair:1 5h Hydra
Vaults:3 2 transporters
Vaults:4 3 runed translucent doors, 1 transporter, exclusion: 3 doors, crisisinutopia's ghost, adept MiFi


Innate Abilities, Weirdness & Mutations

You reflexively headbutt those who attack you in melee.
You have a pair of horns on your head.
You are agile. (Dex +2)
You tend to lose your temper in combat.
Scrolls take you a little longer to read.
Your body often deteriorates upon taking damage.
You are weak. (Str -2)
Your spells are harder to cast, but more powerful.


Message History

The white draconian shifter blinks!
The red draconian monk hits your primal shockbat beast!
The red draconian monk kicks your primal shockbat beast.
The red draconian monk tail-slaps your primal shockbat beast!
The Orb Guardian hits your primal shockbat beast!!
Your primal shockbat beast dies!
Your primal shockbat beast's corpse disappears in a puff of smoke!
The tormentor says, "Get ready!
Throes of agony await you."
The purple draconian completely misses you.
The Killer Klown closely misses you.
Press: ? - help, v - describe, . - travel The floor.
Do you really want to walk into the Zot trap? (Confirm with "yes".)
You enter the Zot trap.
The power of Zot is invoked against you!
You feel dopey.
The Orb Guardian is no longer berserk.
You hear a deafening roar!
The red draconian monk hits you!
You die...

▓▓▓▓▓▓ *▓▓* .....▓▓▓▓ *▓▓▓..,
........▓▓▓ ▓▓▓......
..........▓▓ ▓▓........
...........▓ ▓▓▓▓▓▓▓▓▓ ▓.........
....^......▓▓▓....d..▓▓▓.........
.."........▓▓...@d..q.▓▓.........
..^........▓....qXpqd.q▓.......D.
................q2D..q.)dy.......
..^........▓......§..)[▓y........
.....^.....▓▓.........▓▓.....q...
...........▓▓▓.......▓▓▓....^....
..........^# ▓▓▓▓▓▓▓▓▓ #.........
..........## ##........
........▓## ##▓......


You could see a Killer Klown, 2 draconians, a green draconian knight (fast, icy
armour), a golden dragon (berserk), a purple draconian (berserk), 2 draconians,
a white draconian shifter, a purple draconian stormcaller, an Orb Guardian
(slow), a purple draconian scorcher and a tormentor.

Vanquished Creatures
  the Royal Jelly (Slime:5)
  5 orbs of fire (Zot:5)
  10 ancient liches
  Sojobo (Vaults:4)
  Boris (twice) (Vaults:2 Depths:5)
  A shard shrike (shapeshifter) (Vaults:5)
  3 Killer Klowns (Zot:5)
  A curse toe (Zot:4)
  A caustic shrike (Depths:4)
  16 golden dragons
  the Enchantress (Depths:1)
  Jory (Depths:4)
  10 profane servitors
  22 bone dragons
  An electric golem (Zot:5)
  19 tentacled monstrosities
  Rupert (Lair:5)
  2 hellephants
  Jorgrun (Orc:1)
  7 liches
  4 Hell Sentinels
  Asterion (Spider:1)
  23 Orb Guardians (Zot:5)
  7 quicksilver dragons
  2 deep elf blademasters
  4 deep elf master archers (Elf:3)
  A kraken (Shoals:3)
  4 death cobs
  6 titans
  21 acid blobs
  6 ancient champions (Crypt:2)
  7 sphinxes
  74 tentacled starspawn
  9 Executioners
  Gastronok (Lair:1)
  7 tengu reavers
  13 shadow dragons
  13 storm dragons
  Donald (Vaults:3)
  2 daevas
  Agnes (Elf:1)
  Kirke (Spider:1)
  7 draconian monks
  11 frost giants
  5 revenants
  11 fire giants
  6 cacodemons
  17 azure jellies
  21 vault wardens
  9 draconian knights
  7 draconian scorchers
  13 deep elf sorcerers
  2 iron dragons
  5 emperor scorpions
  7 ghost moths
  Aizul (Depths:1)
  7 balrugs
  5 draconian shifters
  An orc warlord (Orc:2)
  Louise (Spider:4)
  4 curse skulls
  17 ironheart preservers
  8 draconian annihilators
  An angel (Abyss:3)
  7 draconian stormcallers
  7 deep elf elementalists
  4 reapers
  12 stone giants
  8 ghouls
  3 spriggan defenders (Depths:1)
  41 very ugly things
  2 ophanim
  A war gargoyle (Vaults:3)
  6 vampire knights
  Nessos (Lair:6)
  5 green draconians
  10 black draconians
  7 red draconians
  A minotaur (Gauntlet)
  8 deep elf demonologists
  An entropy weaver (Spider:4)
  4 dire elephants (Abyss:1)
  9 spark wasps
  7 deep elf annihilators
  An entropy weaver (shapeshifter) (Vaults:5)
  21 purple draconians
  7 lorocyprocas
  8 yellow draconians
  3 white draconians
  5 merfolk javelineers
  18 eidola
  7 merfolk impalers
  15 ettins
  7 death oozes (Slime:5)
  3 blizzard demons
  5 green deaths
  7 deep elf death magi
  A mummy priest (Crypt:3)
  4 jiangshi
  9 statues (WizLab)
  15 great orbs of eyes
  6 fire dragons
  Josephine (Lair:4)
  9 deep elf high priests
  16 ice dragons
  25 yaktaur captains
  2 quicksilver dragon zombies
  16 rakshasas
  21 vault guards
  A hell beast (Depths:2)
  2 spriggan air magi
  6 naga warriors
  9 hydras
  9 boulder beetles
  An alligator snapping turtle (Shoals:3)
  A ghost crab (Gauntlet)
  4 merfolk aquamancers (Shoals:4)
  A fenstrider witch skeleton (Crypt:1)
  2 catoblepae
  2 satyrs
  12 centaur warriors
  13 ogre magi
  42 two-headed ogres
  34 dancing weapons
  9 deep troll shamans
  9 death knights
  An alligator (shapeshifter) (Abyss:1)
  5 death yaks (Lair:5)
  10 deep troll earth magi
  A queen ant (D:9)
  2 tengu warriors (D:15)
  90 thrashing horrors
  2 titan zombies
  115 small abominations
  3 spriggan berserkers
  11 hell knights
  3 orc high priests (Orc:2)
  8 vampire magi
  7 hell hogs
  A shock serpent (shapeshifter) (Vaults:4)
  4 soul eaters
  A fire crab (shapeshifter) (Depths:5)
  65 wretched stars
  17 deep elf knights
  47 skeletal warriors
  15 sun demons
  A titan skeleton (Abyss:1)
  2 storm dragon zombies (Crypt:3)
  6 iron trolls
  A fire crab (Gauntlet)
  30 deep trolls
  9 shadow wraiths
  2 golden dragon zombies
  180 large abominations
  17 sixfirhies
  A spark wasp zombie (Depths:5)
  18 spatial maelstroms
  11 sea snakes
  6 unseen horrors
  13 glowing orange brains
  2 anaconda zombies
  3 death drakes
  A bog body (Crypt:1)
  An unseen horror (shapeshifter) (Abyss:1)
  18 ironbrand convokers
  A shadow demon (Abyss:1)
  10 flayed ghosts
  8 wizards
  19 deep elf archers
  A shadow dragon zombie (Crypt:3)
  7 lindwurms
  16 orc knights
  2 wolf spider zombies
  25 phantasmal warriors
  2 bunyip skeletons
  12 necromancers
  25 harpies
  33 ugly things
  A harpy (shapeshifter) (Depths:4)
  22 orb spiders
  3 anaconda skeletons
  2 orb spiders (shapeshifter)
  2 mana vipers (shapeshifter)
  3 draconians (Abyss:5)
  An oklob plant (Depths:2)
  2 shadow dragon skeletons
  5 orc sorcerers
  33 wolf spiders
  A wolf spider (shapeshifter) (Depths:5)
  A frost giant zombie (Vaults:2)
  A fire giant zombie (Crypt:3)
  12 cyclopes
  2 shining eyes
  A manticore (shapeshifter) (Vaults:5)
  11 fauns
  2 stone giant zombies
  4 will-o-the-wisps
  An iron dragon zombie (Crypt:3)
  An iron dragon skeleton (Abyss:1)
  A salamander (shapeshifter) (Abyss:4)
  16 moths of wrath
  77 deep elf magi
  15 manticores
  12 vault sentinels
  A fire giant skeleton (Vaults:2)
  28 worldbinders
  A salamander (Abyss:5)
  5 guardian serpents
  2 guardian serpents (shapeshifter)
  2 elephants (shapeshifter)
  13 apocalypse crabs
  56 smoke demons
  Maurice (Orc:1)
  A black mamba (shapeshifter) (Vaults:5)
  2 ice statues (IceCv)
  4 rust devils
  5 black mambas
  A dire elephant zombie (Crypt:3)
  7 merfolk sirens
  7 eyes of devastation
  22 elephants
  5 water nymphs
  A naga mage (Abyss:3)
  3 torpor snails
  19 orange demons
  Maggie (D:6)
  2 cane toads (shapeshifter)
  3 molten gargoyles (Volcano)
  A gargoyle (D:12)
  23 cane toads
  A storm dragon simulacrum (Abyss:3)
  A death yak zombie (Crypt:2)
  An emperor scorpion zombie (Crypt:1)
  7 hellions
  A redback zombie (D:14)
  4 rime drakes
  A sea snake zombie (Crypt:1)
  5 spectral swamp worms
  14 efreet
  A guardian mummy (Crypt:1)
  8 komodo dragons
  2 anaconda simulacra
  2 kobold demonologists (D:12)
  70 yaktaurs
  2 catoblepas skeletons
  21 demonic crawlers
  59 ancient zymes
  3 tormentors
  13 hellwings
  5 ice devils
  2 tengu conjurers (Depths:1)
  A red draconian skeleton (Crypt:2)
  35 jumping spiders
  2 silent spectres
  17 freezing wraiths
  30 merfolk
  15 trolls
  4 polar bears
  A hydra zombie (Abyss:1)
  10 hornets
  A tengu simulacrum (Vaults:2)
  5 tyrant leeches (Lair:6)
  2 meliai (shapeshifter)
  2 polar bears (shapeshifter)
  7 red devils
  2 hornets (shapeshifter)
  A merfolk (shapeshifter) (Depths:3)
  Grinder (D:6)
  152 raiju
  11 wind drakes
  35 blink frogs
  2 hydra skeletons
  13 snapping turtles
  An ettin zombie (Abyss:4)
  3 ice dragon zombies
  85 slime creatures
  19 dream sheep
  2 alligator zombies
  27 flying skulls
  A frost giant simulacrum (Abyss:3)
  2 ettin skeletons
  6 shadows
  79 redbacks
  4 spriggans
  39 ynoxinuls
  19 water elementals
  7 air elementals
  302 starcursed masses
  10 fire elementals
  2 wyverns (D:8)
  6 vampires
  34 wraiths
  A black mamba skeleton (Abyss:1)
  40 yaks
  19 tarantellas
  3 ushabtiu (Crypt:3)
  A wyvern (shapeshifter) (Depths:3)
  A basilisk (shapeshifter) (Vaults:4)
  29 neqoxecs
  A human (shapeshifter) (Vaults:5)
  4 basilisks
  13 fire bats
  39 golden eyes
  3 hogs (Spider:1)
  11 vampire mosquitoes
  30 chaos spawn
  7 wargs
  Menkaure (D:4)
  22 spatial vortices
  An infernal demonspawn skeleton (Crypt:2)
  18 soldier ants
  2 nagas
  15 water moccasins
  Duvessa (D:6)
  A floating eye (shapeshifter) (Abyss:3)
  A cane toad zombie (Abyss:3)
  2 acid dragons
  30 hell hounds
  2 floating eyes
  Purgy (Sewer)
  A swamp drake (Depths:2)
  9 ice beasts
  44 orc warriors
  A black bear (D:11)
  A black bear (shapeshifter) (Depths:4)
  A lindwurm zombie (Crypt:2)
  11 eyes of draining
  8 sky beasts
  15 necrophages
  A tengu (shapeshifter) (Vaults:2)
  34 ogres
  A torpor snail zombie (Crypt:2)
  An ogre (shapeshifter) (Elf:3)
  5 phantoms
  A wolf (shapeshifter) (Vaults:5)
  6 boggarts
  27 centaurs
  A manticore zombie (Crypt:3)
  11 wolves (Lair:6)
  2 centaurs (shapeshifter)
  An elephant skeleton (Crypt:1)
  2 big kobolds (D:12)
  31 bullfrogs
  A big kobold (shapeshifter) (Abyss:4)
  A gnoll sergeant (D:7)
  7 earth elementals
  Dowan (D:6)
  A water moccasin zombie (Crypt:2)
  A wyvern zombie (D:11)
  13 wyvern skeletons
  3 scorpions
  4 killer bees (D:11)
  8 electric eels
  34 wights
  4 howler monkeys
  2 crimson imps
  2 human simulacra
  14 quasits
  2 centaur zombies
  5 hounds
  7 jellies
  5 bullfrog skeletons
  2 bullfrog zombies
  3 human zombies (Crypt:1)
  16 orc priests
  12 iron imps
  30 orc wizards
  2 centaur skeletons
  2 human skeletons (Crypt:1)
  Jessica (D:2)
  A basilisk skeleton (Crypt:2)
  2 iguanas
  7 hell rats (Lair:4)
  34 worker ants
  2 killer bee zombies
  An acid dragon skeleton (Crypt:1)
  A tengu skeleton (Crypt:1)
  2 hound zombies
  2 hound skeletons
  4 mummies (Crypt:1)
  A howler monkey zombie (D:9)
  2 worker ant zombies
  8 gnolls
  A howler monkey skeleton (D:9)
  A swamp drake zombie (Crypt:2)
  19 adders
  A scorpion zombie (Crypt:1)
  A shadow imp (Abyss:4)
  16 white imps
  16 ufetubi
  2 oozes
  2 adder skeletons
  9 worms
  3 dart slugs
  3 leopard geckos
  86 orcs
  9 giant cockroaches
  14 goblins
  16 hobgoblins
  13 jackals
  4 quokkas
  5 bats
  5 frilled lizards
  A goblin skeleton (Crypt:2)
  A jackal zombie (D:8)
  37 kobolds
  A kobold skeleton (Crypt:1)
  11 rats
  A rat zombie (Crypt:2)
  6 bushes (Shoals:3)
  3 fire vortices (Volcano)
  6 lurking horrors
  49 starspawn tentacles
  4 tentacles (Shoals:3)
4682 creatures vanquished.

Vanquished Creatures (collateral kills)
  An ancient lich (Zot:5)
  An orb of fire (Zot:5)
  A Killer Klown (Zot:5)
  An electric golem (Zot:5)
  A tentacled monstrosity (Abyss:4)
  A deep elf blademaster (Elf:3)
  An acid blob (Slime:4)
  3 tentacled starspawn
  A shadow dragon (Vaults:5)
  An azure jelly (Slime:4)
  A frost giant (Vaults:5)
  A draconian scorcher (Zot:5)
  A draconian annihilator (Abyss:5)
  An ironheart preserver (Vaults:5)
  A very ugly thing (Abyss:5)
  2 merfolk javelineers (Shoals:4)
  A yaktaur captain (Vaults:5)
  9 vault guards (Vaults:5)
  A naga warrior (Abyss:4)
  2 dancing weapons
  6 thrashing horrors
  2 sun demons (Abyss:5)
  A wretched star (Abyss:5)
  A sixfirhy (Abyss:3)
  A glowing orange brain (Abyss:4)
  An ironbrand convoker (Vaults:5)
  An orb spider (Abyss:4)
  An ugly thing (Abyss:2)
  A deep elf mage (Elf:3)
  3 shining eyes
  A frost giant zombie (Abyss:2)
  A manticore (Shoals:4)
  An apocalypse crab (Abyss:2)
  A smoke demon (Abyss:5)
  A vault sentinel (Vaults:5)
  9 starcursed masses
  2 ancient zymes (Abyss:4)
  A demonic crawler (Abyss:4)
  A red devil (Abyss:5)
  2 raiju (Abyss:5)
  8 slime creatures
  A snapping turtle (Shoals:4)
  8 large abominations
  2 ynoxinuls
  2 golden eyes (Abyss:5)
  A chaos spawn (Abyss:5)
  7 neqoxecs
  A naga (Abyss:4)
  2 small abominations
  A floating eye (Slime:3)
  An eye of draining (Slime:3)
  A fungus (Depths:2)
  5 starspawn tentacles (Abyss:5)
110 creatures vanquished.

Vanquished Creatures (others)
  2 tentacled starspawn
  2 frost giants (Vaults:5)
  A satyr (Shoals:4)
  An unseen horror (Abyss:3)
  A wolf spider (Spider:3)
  5 large abominations
  A smoke demon (Abyss:5)
  A raiju (Abyss:3)
  2 blink frogs (Abyss:5)
  A frost giant simulacrum (Abyss:5)
  A redback (Spider:4)
  A water elemental (Elf:1)
  A human (Spider:1)
  4 golden eyes
  2 chaos spawn
  A spatial vortex (Abyss:5)
  An orc warrior (Vaults:1)
  An eye of draining (Abyss:3)
  10 small abominations
  A starcursed mass (Abyss:5)
  2 orcs
  A kobold zombie (Abyss:3)
  3 bushes
  A demonic plant (Abyss:2)
  3 foxfires (Abyss:4)
  73 fungi
  13 lurking horrors
  189 plants
  180 starspawn tentacles
  5 tentacles (Shoals:3)
  36 withered plants
546 creatures vanquished.

Grand Total: 5338 creatures vanquished

Notes
Turn   | Place    | Note
-------+----------+-------------------------------------------
     0 | D:1      | Gartch the Minotaur Berserker began the quest for the Orb.
     0 | D:1      | Reached XP level 1. HP: 19/19 MP: 0/0
     3 | D:1      | Noticed an electric eel
     4 | D:1      | Noticed an electric eel
   410 | D:1      | Reached XP level 2. HP: 24/26 MP: 1/1
  1040 | D:1      | Reached skill level 5 in Axes
  1238 | D:1      | Reached ** piety under Trog
  1312 | D:1      | Reached XP level 3. HP: 31/31 MP: 2/2
  2182 | D:2      | Reached XP level 4. HP: 39/39 MP: 3/3
  2479 | D:2      | Noticed Jessica
  2487 | D:2      | Killed Jessica
  3048 | D:3      | Reached *** piety under Trog
  3146 | D:3      | Reached XP level 5. HP: 45/45 MP: 4/4
  3388 | D:3      | Found a glowing drain.
  3397 | Sewer    | Entered a sewer
  3519 | Sewer    | Noticed Purgy
  3526 | Sewer    | Killed Purgy
  3527 | Sewer    | Reached XP level 6. HP: 51/51 MP: 5/5
  4576 | D:4      | Noticed Menkaure
  4788 | D:4      | Found Zuunohas's Book Boutique.
  4926 | D:4      | Found a stormy altar of Qazlal.
  4934 | D:4      | Noticed a fire elemental
  4935 | D:4      | Noticed an air elemental
  4935 | D:4      | Noticed a water elemental
  5501 | D:5      | Entered Level 5 of the Dungeon
  5501 | D:5      | Noticed a sky beast
  5715 | D:5      | Killed a sky beast
  5781 | D:5      | Reached XP level 7. HP: 37/57 MP: 6/6
  5935 | D:5      | Reached skill level 10 in Axes
  6690 | D:6      | Found a burning altar of Makhleb.
  6841 | D:6      | Reached XP level 8. HP: 20/64 MP: 7/7
  7293 | D:6      | Noticed Grinder
  7308 | D:6      | Paralysed by Grinder for 6 turns
  7426 | D:6      | Noticed Dowan
  7426 | D:6      | Noticed Duvessa
  7449 | D:6      | Killed Duvessa
  7500 | D:6      | Killed Dowan
  7592 | D:6      | Reached **** piety under Trog
  7642 | D:6      | Found a staircase to the Ecumenical Temple.
  7678 | D:6      | Killed Grinder
  8272 | D:6      | Found Fashyf's Antique Armour Emporium.
  8317 | D:6      | Noticed Maggie
  8329 | D:6      | Killed Maggie
  8330 | D:6      | Reached XP level 9. HP: 71/71 MP: 8/8
  8841 | D:7      | Noticed a cyclops
  8918 | D:7      | Got an amethyst-encrusted scale mail
  8929 | D:7      | Identified the +7 scale mail of the Catamount {Rampage
                  | +Blink Str+4} (You found it on level 7 of the Dungeon)
  9319 | D:7      | Reached skill level 5 in Fighting
  9400 | D:7      | Found a sparkling altar of Nemelex Xobeh.
  9627 | D:8      | Found an ornate altar of the Wu Jian Council.
  9971 | D:8      | Reached skill level 5 in Armour
 10043 | D:8      | Found a staircase to the Lair.
 10243 | D:8      | Reached skill level 1 in Evocations
 10324 | D:8      | Reached skill level 5 in Dodging
 10339 | D:8      | Noticed a two-headed ogre
 10551 | D:8      | Upgraded the game from 0.26.1-2-gb8aa6d0cf2 to
                  | 0.26.1-10-gdfb7c7de75
 10626 | D:9      | Found a flagged portal.
 10638 | Bailey   | Entered a bailey
 10646 | Bailey   | Noticed an orc knight
 10700 | Bailey   | Noticed an orc knight
 10888 | Bailey   | Killed an orc knight
 10889 | Bailey   | Reached XP level 10. HP: 84/84 MP: 9/9
 11234 | Bailey   | Killed an orc knight
 11869 | D:9      | Got a warped falchion
 12603 | D:9      | Noticed a queen ant
 12623 | D:9      | Killed a queen ant
 12642 | D:9      | Reached ***** piety under Trog
 12650 | D:9      | Reached XP level 11. HP: 58/95 MP: 10/10
 13188 | D:9      | Got a pitted chain mail
 13199 | D:9      | Identified the +1 chain mail of the Enchanted Forest
                  | {Int+2} (You found it on level 9 of the Dungeon)
 13534 | D:7      | Reached skill level 5 in Evocations
 13744 | D:10     | Entered Level 10 of the Dungeon
 14095 | D:10     | Received a gift from Trog
 14132 | D:10     | Found a white marble altar of Elyvilon.
 14447 | D:10     | Got a brightly glowing ring mail
 14762 | D:11     | Found a transporter.
 14762 | D:11     | Found a transporter.
 14763 | D:11     | Noticed a purple ugly thing
 14763 | D:11     | Noticed an eight-headed hydra
 14800 | D:11     | Noticed a green ugly thing
 14803 | D:11     | Noticed an oklob plant
 14805 | D:11     | Noticed a seven-headed hydra
 15594 | D:11     | Noticed a boulder beetle
 15600 | D:11     | Noticed Sassenached's ghost (journeyman HuWn)
 15611 | D:11     | Noticed a green ugly thing
 15675 | D:11     | Noticed a two-headed ogre
 16195 | D:12     | Noticed a skeletal warrior
 16686 | D:12     | Noticed a two-headed ogre
 16774 | D:9      | Reached skill level 10 in Fighting
 16948 | Lair:1   | Entered Level 1 of the Lair of Beasts
 17078 | Lair:1   | Reached XP level 12. HP: 106/106 MP: 11/11
 17086 | Lair:1   | Got a bloodstained ring mail
 17105 | Lair:1   | Identified the +3 ring mail of the Elven Halls {rF+ MP+9
                  | Int+5 SInv} (You found it on level 10 of the Dungeon)
 17115 | Lair:1   | Identified the +4 ring mail of Siesyetz {rN+ Regen+} (You
                  | found it on level 1 of the Lair of Beasts)
 17180 | Lair:1   | Noticed Gastronok
 17570 | Lair:1   | Killed Gastronok
 17571 | Lair:1   | Reached skill level 10 in Armour
 18135 | Lair:1   | Noticed a five-headed hydra
 18647 | Lair:2   | You fall into a shaft and drop 1 floor!
 18847 | Lair:2   | Noticed a five-headed hydra
 19104 | Lair:1   | Killed a seven-headed hydra
 19382 | Lair:2   | You fall into a shaft and drop 1 floor!
 19387 | Lair:3   | Reached skill level 15 in Axes
 19391 | Lair:3   | Noticed a catoblepas
 19404 | Lair:2   | Killed a five-headed hydra
 19468 | Lair:2   | Found a staircase to the Shoals.
 19701 | Lair:2   | Reached skill level 10 in Dodging
 19849 | Lair:2   | Found a hole to the Spider Nest.
 19953 | Lair:3   | Noticed an eight-headed hydra
 19966 | Lair:3   | Killed an eight-headed hydra
 20090 | Lair:3   | Reached ****** piety under Trog
 20423 | Lair:3   | Reached XP level 13. HP: 103/116 MP: 12/12
 21407 | Lair:4   | Found a dark tunnel.
 21430 | Volcano  | Entered a volcano
 21445 | Volcano  | Received a gift from Trog
 21995 | Lair:4   | Noticed Josephine
 22242 | Lair:4   | Killed Josephine
 23500 | Lair:5   | Received a gift from Trog
 23829 | Lair:5   | Noticed Rupert
 23848 | Lair:5   | Killed Rupert
 23849 | Lair:5   | Reached XP level 14. HP: 119/129 MP: 13/13
 24515 | Lair:6   | Entered Level 6 of the Lair of Beasts
 24660 | Lair:6   | Found a frozen archway.
 24716 | IceCv    | Entered an ice cave
 24782 | IceCv    | Found a transporter.
 24806 | IceCv    | Found a transporter.
 25070 | Lair:6   | Noticed Nessos
 25082 | Lair:6   | Killed Nessos
 25374 | Lair:6   | Received a gift from Trog
 26495 | Lair:6   | Found a staircase to the Slime Pits.
 26984 | D:4      | Killed Menkaure
 27142 | D:8      | Found an ornate altar of the Wu Jian Council.
 27279 | D:8      | Reached XP level 15. HP: 138/138 MP: 14/14
 27388 | D:11     | Found a transporter.
 27388 | D:11     | Found a transporter.
 27701 | D:12     | Found Qiehin's Antique Armour Shoppe.
 28481 | D:12     | Received a gift from Trog
 28581 | D:12     | Found a staircase to the Orcish Mines.
 28753 | D:13     | Found a gate leading to a gauntlet.
 28787 | D:13     | Found Rugum's Magic Scroll Shoppe.
 28837 | Gauntlet | Entered a Gauntlet
 28837 | Gauntlet | Found a transporter.
 28844 | Gauntlet | Found a runed translucent door.
 28846 | Gauntlet | Found a transporter.
 28847 | Gauntlet | Found a transporter.
 28850 | Gauntlet | Found a runed translucent door.
 28869 | Gauntlet | Found a transporter.
 28873 | Gauntlet | Found a transporter.
 28874 | Gauntlet | Found a transporter.
 28876 | Gauntlet | Found a transporter.
 28876 | Gauntlet | Found a transporter.
 28880 | Gauntlet | Found a runed translucent door.
 28882 | Gauntlet | Found a runed translucent door.
 28884 | Gauntlet | Found a transporter.
 29034 | Gauntlet | Got a warped hat
 29046 | Gauntlet | Identified the +1 hat of Time Monsters {rElec Int+4} (You
                  | found it in a Gauntlet)
 29161 | Gauntlet | Got a bound steel ring
 29188 | Gauntlet | Identified the ring of Eplij {Wiz rC+} (You found it in a
                  | Gauntlet)
 29913 | D:13     | Found Seva's Book Boutique.
 30126 | D:13     | Bought a scroll of acquirement for 676 gold pieces
 30126 | D:13     | Bought a scroll of summoning for 123 gold pieces
 30126 | D:13     | Bought a scroll of enchant armour for 97 gold pieces
 30126 | D:13     | Bought a scroll of acquirement for 676 gold pieces
 30126 | D:13     | Bought a scroll of teleportation for 39 gold pieces
 30126 | D:13     | Bought a scroll of fear for 45 gold pieces
 30126 | D:13     | Bought a scroll of teleportation for 39 gold pieces
 30126 | D:13     | Bought a scroll of teleportation for 39 gold pieces
 30126 | D:13     | Acquired the ring of Kukon {rElec rF++ rC+ SInv}
 30145 | D:13     | Acquired 813 gold pieces
 30152 | D:13     | Acquired the +9 battleaxe "Fezyman" {spect, rN++}
 31037 | D:14     | Found a gate to the Vaults.
 31238 | D:14     | Found a blossoming altar of Fedhas.
 31415 | D:14     | Reached skill level 15 in Fighting
 31447 | D:14     | Received a gift from Trog
 31455 | D:14     | Got an ebony broad axe {god gift}
 31456 | D:14     | Identified the +7 broad axe "Refad" {vorpal, rN+} (Trog
                  | gifted it to you on level 14 of the Dungeon)
 31721 | D:15     | Entered Level 15 of the Dungeon
 31899 | D:15     | Found a staircase to the Depths.
 32434 | D:15     | Reached skill level 15 in Armour
 33131 | Orc:1    | Entered Level 1 of the Orcish Mines
 33373 | Orc:1    | Noticed Jorgrun
 33453 | Orc:1    | Noticed Maurice
 33473 | Orc:1    | Killed Maurice
 33501 | Orc:1    | Killed Jorgrun
 33634 | Orc:1    | Found a bloodstained altar of Trog.
 33743 | Orc:2    | Entered Level 2 of the Orcish Mines
 33746 | Orc:2    | Received a gift from Trog
 33892 | Orc:2    | Reached XP level 16. HP: 138/149 MP: 15/15
 34614 | Orc:2    | Found a staircase to the Elven Halls.
 34812 | Orc:2    | Received a gift from Trog
 35051 | Orc:2    | Found Zososeos's Book Shoppe.
 35051 | Orc:2    | Found Yguum's Antique Armour Boutique.
 35053 | Orc:2    | Found Zacese's Armour Shoppe.
 35053 | Orc:2    | Found Pamn's Distillery.
 35062 | Orc:2    | Bought a potion of cancellation for 104 gold pieces
 35062 | Orc:2    | Bought a potion of cancellation for 104 gold pieces
 35426 | Shoals:1 | Entered Level 1 of the Shoals
 37761 | Shoals:2 | Received a gift from Trog
 37766 | Shoals:2 | Reached skill level 10 in Evocations
 38118 | Shoals:2 | Noticed a titan
 38277 | Shoals:2 | Killed a titan
 38853 | Shoals:3 | Found Dotatic's Magic Scroll Boutique.
 38955 | Shoals:3 | Reached skill level 15 in Dodging
 39045 | Shoals:3 | Reached XP level 17. HP: 128/158 MP: 16/16
 39793 | Shoals:3 | Noticed a kraken
 39810 | Shoals:3 | Killed a kraken
 40078 | Shoals:4 | Entered Level 4 of the Shoals
 40234 | Shoals:4 | Received a gift from Trog
 40782 | Shoals:4 | Got a translucent copper ring
 40785 | Shoals:4 | Identified the ring of the Raven {+Inv +Fly} (You found it
                  | on level 4 of the Shoals)
 41878 | Shoals:4 | Found Hudusac's Weapon Shop.
 41933 | Shoals:4 | HP: 4/160 [merfolk javelineer/silver javelin (5)]
 41939 | Shoals:4 | HP: 4/160 [snapping turtle (2)]
 42508 | Shoals:4 | Got a glittering granite ring
 42510 | Shoals:4 | Identified the ring of Suspected Treachery {*Drain Int+4
                  | Dex+3 SInv} (You found it on level 4 of the Shoals)
 42751 | Shoals:4 | Got a barnacled rune of Zot
 42920 | Spider:1 | Entered Level 1 of the Spider Nest
 42922 | Spider:1 | Noticed Kirke
 42931 | Spider:1 | Received a gift from Trog
 42932 | Spider:1 | Killed Kirke
 43277 | Spider:1 | Noticed Asterion
 43306 | Spider:1 | Killed Asterion
 46381 | Spider:2 | Received a gift from Trog
 46550 | Spider:3 | Reached XP level 18. HP: 166/170 MP: 17/17
 47627 | Spider:4 | Entered Level 4 of the Spider Nest
 48249 | Spider:4 | Received a gift from Trog
 48922 | Spider:4 | Noticed Louise
 48947 | Spider:4 | Killed Louise
 51267 | Spider:4 | Got a gossamer rune of Zot
 51614 | Vaults:1 | Entered Level 1 of the Vaults
 51674 | Vaults:1 | Received a gift from Trog
 52045 | Spider:4 | Got a crystal battleaxe {god gift}
 52046 | Spider:4 | Identified the +8 battleaxe of Invincibility {antimagic,
                  | *Noise Str+2 Int+3} (Trog gifted it to you on level 4 of
                  | the Spider Nest)
 53424 | Vaults:1 | Reached XP level 19. HP: 111/179 MP: 18/18
 55087 | Vaults:2 | Received a gift from Trog
 55402 | Vaults:2 | Found a portal to a secret trove of treasure.
 56541 | Vaults:2 | Found a staircase to the Crypt.
 56852 | Vaults:2 | Noticed Boris
 57489 | Vaults:3 | Received a gift from Trog
 57662 | Vaults:3 | Noticed Donald
 57673 | Vaults:3 | Killed Donald
 59119 | Vaults:3 | Reached XP level 20. HP: 177/191 MP: 19/19
 59329 | Vaults:3 | Received a gift from Trog
 59517 | Vaults:3 | Found a transporter.
 59559 | Vaults:3 | Found a transporter.
 61807 | Vaults:4 | Noticed Sojobo
 61946 | Vaults:4 | Received a gift from Trog
 63533 | Vaults:4 | Killed Sojobo
 63828 | Vaults:4 | Found a runed translucent gate.
 63829 | Vaults:4 | Found a runed translucent gate.
 63829 | Vaults:4 | Found a runed translucent gate.
 63830 | Vaults:4 | Noticed crisisinutopia's ghost (adept MiFi)
 63832 | Vaults:4 | Identified the +7 scimitar of Slow Death {flame, *Corrode
                  | +Inv Will+ Int+4}
 64055 | Vaults:4 | Found a transporter.
 64268 | Vaults:4 | Identified the +5 hand crossbow of Niagyrr {elec, *Contam
                  | Str+4 Int+2}
 64272 | Vaults:4 | Found an iron altar of Okawaru.
 64415 | Vaults:2 | Killed Boris
 64671 | Depths:1 | Entered Level 1 of the Depths
 64683 | Depths:1 | Reached XP level 21. HP: 199/201 MP: 20/20
 65080 | Depths:1 | Found a one-way gate to the infinite horrors of the Abyss.
 65399 | Depths:1 | Found a gateway to Hell.
 66001 | Depths:1 | Noticed Aizul
 66017 | Depths:1 | Noticed the Enchantress
 66022 | Depths:1 | Killed Aizul
 66271 | Depths:1 | Killed the Enchantress
 66654 | Depths:2 | Found a magical portal.
 66722 | WizLab   | Entered Iskenderun's Mystic Tower
 67067 | WizLab   | Received a gift from Trog
 68071 | WizLab   | Reached skill level 15 in Evocations
 68196 | WizLab   | Identified Iskenderun's Tome of Battle Magic
 68196 | WizLab   | Identified Iskenderun's Reference Book on Battle Magic
 70530 | Depths:2 | Noticed a golden dragon
 70545 | Depths:1 | Received a gift from Trog
 70806 | Elf:1    | Entered Level 1 of the Elven Halls
 70853 | Elf:1    | Found Vydgh's Magic Scroll Emporium.
 70922 | Elf:1    | Bought a scroll of silence for 120 gold pieces
 70922 | Elf:1    | Bought a scroll of acquirement for 832 gold pieces
 70922 | Elf:1    | Bought a scroll of summoning for 152 gold pieces
 71293 | Elf:1    | Noticed Agnes
 71305 | Elf:1    | Killed Agnes
 71474 | Elf:1    | Reached XP level 22. HP: 153/213 MP: 21/21
 72414 | Elf:2    | Received a gift from Trog
 72456 | Elf:2    | Found Niohudgh's Antique Armour Boutique.
 72742 | Elf:2    | Found Kyq Yrea's Jewellery Shoppe.
 72774 | Elf:2    | Acquired the amulet of Vitality {Regen+ HP+15}
 72775 | Elf:2    | Found the amulet of Vitality {Regen+ HP+15}
 73064 | Elf:2    | Found a runed translucent gate.
 73065 | Elf:2    | Found a runed translucent gate.
 73066 | Elf:2    | Found a runed translucent gate.
 74188 | Elf:2    | Upgraded the game from 0.26.1-10-gdfb7c7de75 to
                  | 0.26.1-11-gd32895ea62
 74238 | Elf:3    | Entered Level 3 of the Elven Halls
 74309 | Elf:3    | Found Zuveuteo's Jewellery Emporium.
 74324 | Elf:3    | Received a gift from Trog
 74336 | Elf:3    | Got a glimmering battleaxe {god gift}
 74337 | Elf:3    | Identified the +3 battleaxe of Uncertain Death {flame,
                  | rElec rPois rC-} (Trog gifted it to you on level 3 of the
                  | Elven Halls)
 75682 | Elf:3    | Identified the +9 scimitar of the Shining Light {freeze,
                  | rElec Str+9 Dex-4 Stlth+}
 76209 | Elf:3    | Received a gift from Trog
 76467 | Elf:3    | Found the +3 robe of Folly {Archmagi, Will-- Int+5}
 76491 | Elf:3    | Identified the amulet "Kinnisui" {Acrobat rN++ Str+4 Int+2}
 76496 | Elf:3    | Identified the +3 flail "Zuurghil" {drain, +Inv rPois
                  | Str-2}
 76563 | Elf:3    | Identified the Volume of the Nightingale
 76604 | Elf:3    | Found the +2 hood of the Assassin {Detection Stab+ Stlth++}
 76624 | Elf:3    | Got black opal-encrusted steam dragon scales
 76635 | Elf:3    | Identified the cursed +1 steam dragon scales of Kietsu Vaff
                  | {rC++} (You found it on level 3 of the Elven Halls)
 76667 | Elf:3    | Identified the Handbook of Shape Shifting and Darkness
 77531 | Depths:2 | Found the amulet of the Four Winds {rN+ Will+++ Clar}
 77718 | Depths:2 | Killed a golden dragon
 78237 | Depths:3 | Reached XP level 23. HP: 215/222 MP: 7/22
 78432 | Depths:3 | Found a corrupted altar of Lugonu.
 78871 | Depths:3 | Found a gateway to a ziggurat.
 78874 | Depths:3 | Paralysed by a floating eye for 3 turns
 78922 | Depths:3 | Gained mutation: Your magical capacity is low. (-10% MP) [a
                  | shining eye]
 79087 | Depths:3 | Received a gift from Trog
 80377 | Depths:3 | Found a one-way gate leading to the halls of Pandemonium.
 80985 | Depths:4 | Received a gift from Trog
 81128 | Depths:4 | Found a flickering gateway to a bazaar.
 81132 | Depths:4 | Noticed Jory
 81146 | Depths:4 | Killed Jory
 81151 | Bazaar   | Entered a bazaar
 81222 | Bazaar   | Found Luloqeegor's Magic Scroll Boutique.
 81228 | Bazaar   | Bought a scroll of acquirement for 520 gold pieces
 81228 | Bazaar   | Bought a scroll of blinking for 75 gold pieces
 81240 | Bazaar   | Found Cauvoppo's Magic Scroll Shoppe.
 81257 | Bazaar   | Found Muleibot's Book Boutique.
 81274 | Bazaar   | Found Foanac's Antique Armour Emporium.
 82267 | Depths:4 | Noticed a caustic shrike
 82285 | Depths:4 | Killed a caustic shrike
 83402 | Depths:4 | Paralysed by a floating eye for 3 turns
 83552 | Depths:5 | Entered Level 5 of the Depths
 83666 | Depths:4 | Received a gift from Trog
 84266 | Depths:5 | Reached XP level 24. HP: 228/233 MP: 7/19
 84304 | Depths:5 | Identified the +4 halberd of Noefru {antimagic, rPois rC+
                  | Str-2}
 84304 | Depths:5 | Identified the ring "Gupiha" {rC+ MP+9}
 84364 | Depths:5 | Noticed an ancient lich
 84374 | Depths:5 | Killed an ancient lich
 84494 | Depths:5 | Found a gate to the Realm of Zot.
 84547 | Depths:5 | Noticed Boris
 84563 | Depths:5 | Killed Boris
 85069 | Depths:5 | Received a gift from Trog
 85908 | Vaults:5 | Entered Level 5 of the Vaults
 85911 | Vaults:5 | Noticed an ancient lich
 85932 | Vaults:5 | Killed an ancient lich
 85970 | Vaults:5 | Received a gift from Trog
 86531 | Vaults:5 | Noticed an ancient lich
 86720 | Vaults:5 | Killed an ancient lich
 86959 | Vaults:5 | Reached XP level 25. HP: 144/243 MP: 8/19
 87673 | Vaults:5 | Noticed an ancient lich
 87701 | Vaults:5 | Killed an ancient lich
 87716 | Vaults:5 | Received a gift from Trog
 87884 | Vaults:5 | Found Dyxum's Magic Scroll Emporium.
 87885 | Vaults:5 | Found Hikla's Jewellery Boutique.
 87892 | Vaults:5 | Bought a scroll of silence for 82 gold pieces
 87965 | Vaults:5 | Found Vainker's Distillery.
 87985 | Vaults:5 | Found Eziruucy's Gadget Shop.
 87997 | Vaults:5 | Identified the ring "Hody" {rElec Will++ Int+6 Slay-3
                  | Stlth+}
 88051 | Vaults:5 | Bought a potion of heal wounds for 105 gold pieces
 88051 | Vaults:5 | Bought a potion of heal wounds for 105 gold pieces
 88051 | Vaults:5 | Bought a potion of heal wounds for 105 gold pieces
 88051 | Vaults:5 | Bought a potion of heal wounds for 105 gold pieces
 88061 | Vaults:5 | Bought a wand of digging (5) for 288 gold pieces
 88342 | Vaults:5 | Noticed a shard shrike
 88344 | Vaults:5 | a shard shrike changed into a titan
 88351 | Vaults:5 | Noticed a shard shrike
 88351 | Vaults:5 | a titan changed into a shard shrike
 88353 | Vaults:5 | Noticed a juggernaut
 88353 | Vaults:5 | a shard shrike changed into a juggernaut
 88356 | Vaults:5 | a juggernaut changed into a titan
 88362 | Vaults:5 | Noticed a shard shrike
 88362 | Vaults:5 | a titan changed into a shard shrike
 88378 | Vaults:5 | Killed a shard shrike
 88687 | Vaults:5 | Got a blackened war axe
 88688 | Vaults:5 | Identified the cursed +1 war axe of Defiance {flame, rF+
                  | Will- Str+6 Dex-5} (You found it on level 5 of the Vaults)
 88723 | Vaults:5 | Got a silver rune of Zot
 89486 | Vaults:5 | Received a gift from Trog
 89947 | Vaults:5 | Identified the +1 glaive of Perversion {freeze, +Fly rElec
                  | MP+9}
 90668 | Crypt:1  | Entered Level 1 of the Crypt
 91592 | Crypt:1  | Received a gift from Trog
 93395 | Crypt:2  | Received a gift from Trog
 93460 | Crypt:2  | Reached XP level 26. HP: 179/254 MP: 6/19
 94138 | Crypt:3  | Entered Level 3 of the Crypt
 95881 | Crypt:3  | Found a staircase to the Tomb.
 96340 | Crypt:3  | Received a gift from Trog
 96520 | Crypt:3  | Got a clouded amber ring
 96520 | Crypt:3  | Got a serpentine amethyst amulet
 96520 | Crypt:3  | Got a faintly glowing ivory ring
 96530 | Crypt:3  | Identified the amulet "Canwuafa" {rPois Regen+ Int-2 Dex+3}
                  | (You found it on level 3 of the Crypt)
 96533 | Crypt:3  | Identified the ring "Loelar" {rElec rF+ rC- rN+ Int+6} (You
                  | found it on level 3 of the Crypt)
 96536 | Crypt:3  | Identified the ring of Finality {rElec rF++ rN+ Dex-4
                  | Slay+3} (You found it on level 3 of the Crypt)
 96948 | Crypt:3  | Found a basalt altar of Yredelemnul.
 97294 | Crypt:3  | Identified the Guide on Evil Rituals
 97845 | Crypt:3  | Identified the ring "Vitaewas" {Int+4 Dex+6 SInv}
 98281 | Crypt:3  | Acquired a +2 hat of willpower
 98548 | Vaults:5 | Bought an uncursed ring of resist corrosion for 240 gold
                  | pieces
 98939 | Slime:1  | Entered Level 1 of the Pits of Slime
100134 | Slime:2  | Received a gift from Trog
101580 | Slime:4  | Gained mutation: You expend magic power (3 MP) to
                  | strengthen your wands. [a shining eye]
101891 | Slime:5  | Entered Level 5 of the Pits of Slime
102094 | Slime:5  | Found a viscous altar of Jiyva.
102094 | Slime:5  | Noticed the Royal Jelly
102110 | Slime:5  | Killed the Royal Jelly
102630 | Slime:5  | Got a slimy rune of Zot
103225 | Depths:1 | Voluntarily entered the Abyss.
103256 | Abyss:1  | Found a corrupted altar of Lugonu.
103462 | Abyss:1  | Reached XP level 27. HP: 231/266 MP: 19/19
104196 | Abyss:1  | Received a gift from Trog
104352 | Depths:1 | Escaped the Abyss
104631 | Depths:1 | Voluntarily entered the Abyss.
104954 | Abyss:3  | Found a corrupted altar of Lugonu.
105219 | Abyss:4  | Lost intelligence.
105255 | Abyss:4  | Found a corrupted altar of Lugonu.
105339 | Abyss:4  | Found a corrupted altar of Lugonu.
105394 | Depths:1 | Escaped the Abyss
105650 | Depths:1 | Voluntarily entered the Abyss.
105905 | Abyss:1  | Noticed an ancient lich
105920 | Abyss:1  | Killed an ancient lich
106126 | Abyss:1  | Received a gift from Trog
106147 | Depths:1 | Escaped the Abyss
106149 | Depths:1 | Voluntarily entered the Abyss.
106341 | Abyss:1  | Found a roughly hewn altar of Beogh.
106821 | Abyss:1  | Received a gift from Trog
106822 | Abyss:1  | Found the +8 frozen axe "Frostbite" {freezing cloud, *Noise
                  | +Fly rC+}
107351 | Abyss:3  | Lost intelligence.
107938 | Abyss:3  | HP: 6/268 [Hell Sentinel (16)]
107939 | Abyss:3  | Received a gift from Trog
107942 | Depths:1 | Escaped the Abyss
108414 | Depths:1 | Voluntarily entered the Abyss.
108449 | Abyss:2  | Found a corrupted altar of Lugonu.
108692 | Abyss:2  | Got an encrusted cloak
108719 | Abyss:2  | Identified the +1 cloak "Qitoeris" {rPois Regen+} (You
                  | found it on level 2 of the Abyss)
108735 | Abyss:4  | Found a corrupted altar of Lugonu.
109034 | Abyss:5  | Entered Level 5 of the Abyss
109046 | Abyss:5  | Found an ornate altar of the Wu Jian Council.
109287 | Abyss:5  | Paralysed by accursed screaming for 1 turns
109294 | Abyss:5  | Received a gift from Trog
109503 | Depths:1 | Escaped the Abyss
109521 | Depths:1 | Voluntarily entered the Abyss.
109535 | Abyss:1  | Found a corrupted altar of Lugonu.
109705 | Abyss:1  | Found a corrupted altar of Lugonu.
109767 | Abyss:1  | Received a gift from Trog
109823 | Abyss:1  | Paralysed by accursed screaming for 2 turns
109834 | Depths:1 | Escaped the Abyss
109886 | Depths:1 | Voluntarily entered the Abyss.
109889 | Abyss:1  | Found a corrupted altar of Lugonu.
109914 | Abyss:1  | Paralysed by accursed screaming for 1 turns
109981 | Abyss:1  | Found a corrupted altar of Lugonu.
110736 | Abyss:3  | Received a gift from Trog
110934 | Abyss:3  | Lost intelligence.
110997 | Abyss:3  | Paralysed by accursed screaming for 1 turns
111134 | Abyss:3  | Paralysed by you for 5 turns
111203 | Abyss:3  | Received a gift from Trog
111600 | Abyss:3  | Received a gift from Trog
111622 | Abyss:3  | Lost intelligence.
112075 | Abyss:4  | Reached skill level 27 in Armour
112077 | Abyss:4  | Lost intelligence.
112204 | Abyss:4  | Reached skill level 27 in Fighting
112270 | Abyss:4  | Received a gift from Trog
112949 | Abyss:4  | Received a gift from Trog
113056 | Abyss:4  | Gained mutation: You are frail. (-10% HP) [a neqoxec]
113080 | Abyss:4  | Lost intelligence.
113119 | Abyss:4  | Paralysed by accursed screaming for 1 turns
113125 | Abyss:4  | Paralysed by accursed screaming for 1 turns
113130 | Abyss:4  | Lost intelligence.
113161 | Depths:1 | Escaped the Abyss
113480 | Depths:4 | Acquired 587 gold pieces
114762 | Depths:1 | Voluntarily entered the Abyss.
114930 | Abyss:1  | Received a gift from Trog
114940 | Abyss:1  | Reached skill level 27 in Axes
115183 | Abyss:1  | Upgraded the game from 0.26.1-11-gd32895ea62 to
                  | 0.26.1-13-g052cdd8df3
115193 | Depths:1 | Escaped the Abyss
115241 | Depths:1 | Voluntarily entered the Abyss.
115241 | Abyss:1  | Found a corrupted altar of Lugonu.
115279 | Abyss:1  | Found a corrupted altar of Lugonu.
115421 | Abyss:1  | Paralysed by accursed screaming for 1 turns
115436 | Abyss:1  | Paralysed by accursed screaming for 1 turns
115653 | Abyss:1  | Paralysed by accursed screaming for 2 turns
115792 | Depths:1 | Escaped the Abyss
115869 | Depths:1 | Voluntarily entered the Abyss.
115994 | Abyss:1  | Received a gift from Trog
116194 | Abyss:1  | Identified the +1 leather armour of the Robin {rElec Str+2}
116788 | Abyss:2  | Found a corrupted altar of Lugonu.
116866 | Abyss:2  | Received a gift from Trog
117175 | Abyss:3  | Found a corrupted altar of Lugonu.
117280 | Abyss:4  | Found a corrupted altar of Lugonu.
117320 | Abyss:5  | Entered Level 5 of the Abyss
117367 | Abyss:5  | Gained mutation: Your body sometimes deteriorates upon
                  | taking damage. [a neqoxec]
117513 | Abyss:5  | Paralysed by accursed screaming for 1 turns
117909 | Abyss:5  | Reached skill level 27 in Dodging
117967 | Abyss:5  | Received a gift from Trog
118176 | Abyss:5  | Lost intelligence.
118211 | Abyss:5  | Received a gift from Trog
118336 | Abyss:5  | Gained mutation: You are weak. (Str -2) [a neqoxec]
118439 | Depths:1 | Escaped the Abyss
118592 | Depths:1 | Voluntarily entered the Abyss.
118642 | Abyss:1  | Noticed an ancient lich
118662 | Abyss:1  | Killed an ancient lich
118735 | Abyss:1  | Gained mutation: Your system is resistant to poisons.
                  | (rPois) [a cacodemon]
118824 | Depths:1 | Escaped the Abyss
118884 | Depths:1 | Voluntarily entered the Abyss.
118930 | Abyss:1  | Paralysed by accursed screaming for 1 turns
118970 | Abyss:1  | Noticed an ancient lich
118986 | Abyss:1  | Killed an ancient lich
119034 | Abyss:1  | Identified the +11 falchion "Esobb" {pain, *Noise Int+6}
119056 | Abyss:1  | Received a gift from Trog
119525 | Abyss:2  | Got a masterwork scale mail
119531 | Abyss:2  | Received a gift from Trog
119536 | Abyss:2  | Identified the +8 scale mail of Hubris {rElec rF- rN++
                  | Dex+3} (You found it on level 2 of the Abyss)
119570 | Abyss:3  | Found a basalt altar of Yredelemnul.
120102 | Abyss:4  | Received a gift from Trog
120448 | Abyss:4  | Lost intelligence.
120668 | Abyss:5  | Entered Level 5 of the Abyss
120787 | Abyss:5  | Noticed an ancient lich
120796 | Abyss:5  | Received a gift from Trog
120810 | Abyss:5  | Killed an ancient lich
120849 | Abyss:5  | Gained mutation: You tend to lose your temper in combat. [a
                  | neqoxec]
120855 | Depths:1 | Escaped the Abyss
120934 | Depths:1 | Voluntarily entered the Abyss.
121519 | Abyss:2  | Paralysed by accursed screaming for 1 turns
121658 | Abyss:2  | Received a gift from Trog
121666 | Abyss:2  | Paralysed by accursed screaming for 1 turns
121732 | Abyss:2  | Paralysed by accursed screaming for 1 turns
122055 | Abyss:5  | Entered Level 5 of the Abyss
122082 | Abyss:5  | Received a gift from Trog
122158 | Abyss:5  | Lost intelligence.
122336 | Abyss:5  | Gained mutation: Your body often deteriorates upon taking
                  | damage. [a neqoxec]
122337 | Abyss:5  | Gained mutation: Scrolls take you a little longer to read.
                  | [a neqoxec]
122503 | Abyss:5  | Reached skill level 1 in Stealth
122706 | Abyss:5  | Found a transporter.
122728 | Abyss:5  | Reached skill level 27 in Evocations
122774 | Abyss:5  | Lost intelligence.
122788 | Abyss:5  | Reached skill level 5 in Stealth
122809 | Abyss:5  | Got an abyssal rune of Zot
122895 | Abyss:5  | Found a transporter.
122901 | Abyss:5  | Lost intelligence.
122972 | Abyss:5  | Found a transporter.
123024 | Depths:1 | Escaped the Abyss
123429 | Lair:6   | Lost mutation: You are weak. (Str -2) [potion of mutation]
123429 | Lair:6   | Lost mutation: You are frail. (-10% HP) [potion of
                  | mutation]
123429 | Lair:6   | Lost mutation: You expend magic power (3 MP) to strengthen
                  | your wands. [potion of mutation]
123429 | Lair:6   | Lost mutation: Your magical capacity is low. (-10% MP)
                  | [potion of mutation]
123429 | Lair:6   | Gained mutation: Your spells are a little harder to cast,
                  | but a little more powerful. [potion of mutation]
123585 | Spider:2 | Lost mutation: Your body often deteriorates upon taking
                  | damage. [potion of mutation]
123585 | Spider:2 | Lost mutation: Your system is resistant to poisons. (rPois)
                  | [potion of mutation]
123585 | Spider:2 | Lost mutation: Your body sometimes deteriorates upon taking
                  | damage. [potion of mutation]
123585 | Spider:2 | Gained mutation: Your spells are harder to cast, but more
                  | powerful. [potion of mutation]
123585 | Spider:2 | Gained mutation: You are weak. (Str -2) [potion of
                  | mutation]
123585 | Spider:2 | Lost mutation: Scrolls take you a little longer to read.
                  | [potion of mutation]
123585 | Spider:2 | Gained mutation: You are agile. (Dex +2) [potion of
                  | mutation]
124209 | Zot:1    | Entered Level 1 of the Realm of Zot
124903 | Zot:1    | Reached skill level 10 in Stealth
124907 | Zot:1    | Received a gift from Trog
128700 | Zot:4    | Acquired 729 gold pieces
128958 | Zot:4    | Received a gift from Trog
128965 | Zot:4    | Reached skill level 15 in Stealth
128970 | Zot:4    | Got a slimy executioner's axe {god gift}
128971 | Zot:4    | Identified the +10 executioner's axe of Somewhere Else
                  | {flame, +Rage Str+3 Int-3 Dex+5} (Trog gifted it to you on
                  | level 4 of the Realm of Zot)
129399 | Zot:5    | Entered Level 5 of the Realm of Zot
130346 | Zot:5    | Noticed an orb of fire
130443 | Zot:5    | Gained mutation: Your body sometimes deteriorates upon
                  | taking damage. [an orb of fire]
130446 | Zot:5    | Noticed an ancient lich
130453 | Zot:5    | Noticed an ancient lich
130457 | Zot:5    | Noticed an orb of fire
130460 | Zot:5    | Noticed an orb of fire
130462 | Zot:5    | Killed an ancient lich
130463 | Zot:5    | Noticed an ancient lich
130465 | Zot:5    | Killed an ancient lich
130471 | Zot:5    | Killed an orb of fire
130475 | Zot:5    | Killed an orb of fire
130483 | Zot:5    | Killed an orb of fire
130487 | Zot:5    | Killed an ancient lich
130511 | Zot:5    | Received a gift from Trog
131171 | Zot:5    | Noticed an orb of fire
131171 | Zot:5    | Gained mutation: Scrolls take you a little longer to read.
                  | [an orb of fire]
131181 | Zot:5    | Noticed an orb of fire
131195 | Zot:5    | Killed an orb of fire
131199 | Zot:5    | Noticed an orb of fire
131199 | Zot:5    | Gained mutation: Your body often deteriorates upon taking
                  | damage. [an orb of fire]
131209 | Zot:5    | Killed an orb of fire
131221 | Zot:5    | Killed an orb of fire
131235 | Zot:5    | HP: 3/273 [Killer Klown/+11 club of flaming (27)]
131238 | Zot:5    | Mangled by a red draconian monk

Illustrated notes

Levels and vault maps discovered:
D:1:      arrival_aquarium_b, layout_loops_ring
D:2:      minmay_angry_zag, layout_basic, uniq_jessica
D:3:      layout_loops_ring, cheibrodos_sewer_entry_bend, minmay_misc_feat_x,
          grunt_ministairs_13, hex_large
D:4:      layout_cave_pods, serial_shops, kennysheep_mini_moat,
          nicolae_qazlal_style_of_elements, uniq_menkaure
D:5:      layout_rooms
D:6:      layout_rooms, minmay_temple_entry_arrows, serial_shops,
          nicolae_shop_behind_doors, basic_altar, uniq_duvessa, uniq_maggie,
          uniq_grinder
D:7:      layout_loops_ring, nemelex_dance_club_becter
D:8:      layout_loops_ring, general_overflow_altar, lair_entry_dummy
D:9:      layout_loops_ring, enter_bailey_2, zaba_anthell
D:10:     layout_cave_pools, elyvilon_altar_5
D:11:     layout_basic, nzn_ghost_randoct
D:12:     layout_long_grid, erik_orc_2, serial_shops, nicolae_shop_statue_plus,
          corexii_leaking_fountain, minivault_5
D:13:     layout_roguey, gauntlet_entry_generic, serial_shops, shop, shop,
          water_boxes_lemuel
D:14:     layout_loops_ring, david_vaults_1, fedhas_altar_2
D:15:     grunt_enter_depths_snipers, layout_basic, minmay_misc_feat_plants,
          kennysheep_pointless_box
Lair:1:   layout_layer_cave, serial_bayou_lagoon_b, uniq_gastronok
Lair:2:   layout_regular_city, minmay_shoals_entry_hut,
          spider_nest_entry_funnel_web, lemuel_fruit_tree, grunt_megastairs_5,
          infiniplex_staircase_pool
Lair:3:   layout_loops_ring, serial_bayou_shore_b
Lair:4:   layout_misc_corridors, nicolae_volcano_entry_two_sided, uniq_josephine
Lair:5:   layout_cave_pods, nzn_sisyphean_effort, uniq_rupert
Lair:6:   minmay_lair_end_frog_pond, layout_long_grid, dpeg_slime_entry_corner,
          portal_ice_cave_demonic_guard, uniq_nessos
Shoals:1: layout_shoals
Shoals:2: cheibrodos_shoals_gigantism, layout_shoals
Shoals:3: argonaut_golden_fleece, layout_shoals, serial_shops,
          nicolae_shop_crystal
Shoals:4: shoals_end_grunt_ice, layout_shoals, serial_shops, shop,
          nicolae_shoals_water_shrine
Spider:1: layout_spider_delve, uniq_kirke, uniq_asterion
Spider:2: layout_spider_delve
Spider:3: layout_spider_delve
Spider:4: grunt_spider_rune_island, spiders_nest_hornet_nest, uniq_louise
Slime:1:  layout_caves
Slime:2:  layout_caves
Slime:3:  layout_caves, cheibrodos_slime_lost_civilization_6
Slime:4:  layout_caves
Slime:5
Orc:1:    layout_caves, trog_hazing_becter, uniq_jorgrun, uniq_maurice
Orc:2:    grunt_orc_tribal_feast, layout_diamond_mine
Elf:1:    eino_elf_arrival_sip, layout_loops_ring, serial_shops,
          nicolae_shop_stone, serial_aquarium, aquarium_bridge_island_small
          [aquarium_subvault_small_open, aquarium_subvault_bridge,
          aquarium_subvault_bridge, aquarium_subvault_bridge,
          aquarium_subvault_bridge], aquarium_bridge_straight
          [aquarium_subvault_bridge, aquarium_subvault_balcony,
          aquarium_subvault_bridge, aquarium_subvault_window],
          aquarium_window_fake, aquarium_window_1, aquarium_window_fake,
          aquarium_view_2b, aquarium_pool_2, minivault_28, uniq_agnes
Elf:2:    layout_geoelf_octagon, serial_shops, shop, nicolae_shop_behind_doors
Elf:3:    minmay_elf_hall_circle, layout_gridlike, minmay_shop_star
Vaults:1: hangedman_vaults_stretched_pinwheel, ontoclasm_vaults_bender,
          v_misc_32, v_misc_3, nicolae_vaults_hallways_thing,
          hangedman_vaults_restitches, vaults_room_pools,
          ontoclasm_vaults_fault, vaults_room_corners, v_rooms_4, v_pattern_5,
          v_misc_19, nicolae_vaults_shelves_hall, layout_vaults_maze_snakey
Vaults:2: minmay_crypt_entry_simple_plaza, hangedman_vaults_capsules,
          ontoclasm_vaults_idyll, ontoclasm_vaults_ring_square,
          ontoclasm_vaults_pinch, ontoclasm_vaults_eye,
          ontoclasm_vaults_loading_screen, ontoclasm_vaults_gateway,
          layout_vaults_chaotic_city, nicolae_trove_entry_columns, uniq_boris
Vaults:3: nicolae_vaults_angled_halls, gammafunk_dig_for_victory,
          nicolae_vaults_network_square, hangedman_vaults_maws,
          nicolae_vaults_little_squares_1, hangedman_vaults_nodes, serial_ice_m,
          v_misc_8, hangedman_vaults_trim, layout_vaults_omnicross, uniq_donald
Vaults:4: gammafunk_vaults_ghost_fury_of_okawaru, v_rooms_3,
          emtedronai_trogs_sanctum, hangedman_vaults_trim, v_misc_4,
          vaults_mumra_lcd, v_misc_2, nicolae_vaults_little_squares_2,
          vaults_room_fours, layout_vaults_omnigrid, uniq_sojobo
Vaults:5: uniq_margery
Crypt:1:  layout_regular_city, grunt_crypt_arrival_guarded_gate
Crypt:2:  layout_rooms, minivault_24
Crypt:3:  evilmike_haunted_forest
Depths:1: layout_gridville, pf_hell_entry_tar_river,
          abyss_entry_small_statue_room, kennysheep_generic_room_15,
          serial_bayou_shore_b, roderic_lattice_octagonal_star,
          serial_bayou_shore_b, uniq_enchantress, uniq_aizul
Depths:2: gold_lair_mu, layout_basic, infiniplex_enter_wizlab_water,
          grunt_mini_vestibule, chequers_serial_rivers_micro_a,
          minmay_misc_feat_more_columns
Depths:3: due_chaos_kobolds, layout_gridlike, enter_ziggurat_c,
          rand_demon_pan_entry_8, hell_entry, abyss_entry,
          infiniplex_staircase_pillars_3a, serial_bayou_shore_b
Depths:4: minmay_dotted_concentric_squares, layout_basic,
          hangedman_abyss_entry_splay, minmay_door_square, serial_shops,
          bzr_in_the_mist, hell_entry, infiniplex_staircase_spiral, uniq_jory
Depths:5: hangedman_pleasuredromes, abyss_entry, hell_entry
Zot:1:    layout_basic
Zot:2:    kennysheep_bubbly, layout_twisted_circle
Zot:3:    layout_misc_corridors
Zot:4:    layout_onion_interference
Zot:5:    layout_basic

Skill      XL: |  1  2  3  4  5  6  7  8  9 10 11 12 13 14 15 16 17 18 19 20 21 22 23 24 25 26 27 |
---------------+----------------------------------------------------------------------------------+-----
Axes           | 4 5 6 7 8 9 11 14 15 16 17 18 19 20 21 22 23 24 27 | 27.0
Fighting       | 4 6 8 10 11 13 14 15 16 17 18 19 20 21 22 23 24 25 27 | 27.0
Armour         | 3 6 8 9 11 12 14 15 16 17 18 19 20 21 22 23 24 25 27 | 27.0
Dodging        | 5 7 9 10 11 13 14 15 16 17 18 19 20 21 22 23 27 | 27.0
Evocations     | 2 4 6 7 9 10 11 12 13 14 15 16 17 18 19 27 | 27.0
Stealth        | 19 | 19.9

Action                   |  1- 3 |  4- 6 |  7- 9 | 10-12 | 13-15 | 16-18 | 19-21 | 22-24 | 25-27 || total
-------------------------+-------+-------+-------+-------+-------+-------+-------+-------+-------++-------
Melee: Hand axe          |   104 |   174 |   309 |   335 |       |       |       |       |       ||   922
       Headbutt          |    13 |    31 |    72 |   171 |   247 |   301 |   423 |   417 |  2169 ||  3844
       Battleaxe         |       |       |       |   334 |   279 |  1163 |  1308 |  1272 |  6028 || 10384
       Spear             |       |       |       |    15 |       |       |       |       |       ||    15
       Executioner's axe |       |       |       |       |   637 |       |       |       |       ||   637
       Glaive            |       |       |       |       |    31 |       |       |       |       ||    31
Throw: Stone             |       |     2 |       |       |       |       |       |       |       ||     2
       Boomerang         |       |       |       |     1 |       |       |       |       |       ||     1
Invok: Berserk           |     1 |     4 |     5 |     5 |     5 |    12 |     5 |    11 |    41 ||    89
       Trog's Hand       |       |     1 |     2 |     2 |     5 |     5 |    15 |     2 |    45 ||    77
       Brothers in Arms  |       |       |       |       |       |     2 |     1 |     6 |    37 ||    46
 Abil: Evoke Flight      |       |       |     1 |     4 |     3 |     3 |       |     2 |       ||    13
       Stop Flying       |       |       |       |     1 |     1 |       |       |       |       ||     2
       Evoke Blink       |       |       |       |       |       |       |     2 |     2 |     7 ||    11
Evoke: Box of beasts     |       |       |       |       |       |       |       |       |     3 ||     3
       Wand              |       |       |       |       |       |       |       |       |     4 ||     4
  Use: Scroll            |       |     6 |     9 |     6 |     7 |    13 |     5 |     5 |    28 ||    79
       Potion            |       |       |       |     1 |       |     4 |       |     3 |    15 ||    23
 Stab: Sleeping          |     1 |       |       |       |       |       |       |       |    11 ||    12
       Distracted        |       |       |       |       |     1 |    15 |    14 |    18 |    85 ||   133
       Confused          |       |       |       |       |       |       |       |       |     2 ||     2
       Paralysed         |       |       |       |       |       |       |       |       |     2 ||     2
Armor: Animal skin       |    10 |     2 |       |       |       |       |       |       |       ||    12
       Ring mail         |       |    32 |    23 |       |       |       |       |       |       ||    55
       Chain mail        |       |       |    18 |       |       |       |       |       |       ||    18
       Scale mail        |       |       |    24 |   139 |   290 |   338 |   202 |   355 |  1225 ||  2573
       Acid dragon scale |       |       |     2 |       |       |       |       |       |       ||     2
       Skin              |       |       |       |    16 |       |       |       |       |       ||    16
Dodge: Dodged            |    37 |    73 |   135 |   375 |   768 |  1021 |   775 |   883 |  5192 ||  9259
Block: Buckler           |       |       |    17 |    34 |       |       |       |       |       ||    51
